AoeStats
← GIULIOCESARE

Arena

507354226Analyzed
4v4 RM · 13d ago on Sep 17, 2026· 67m 29s· 8 players
Game mode
Random Map
Map size
Large (8 player)
Population
200
Speed
Normal
Resources
Standard
Victory
Conquest
Starting age
Dark Age
Ending age
Imperial Age
RankedLock teamsTeams togetherTeam positionsShared explorationLock speedFull tech treeHidden civsTurbo modeCheats
Victory
Defeat
🇮🇹 Romans · Italy
901
+13
🇮🇹 Koreans · Italy
873
+14
🇬🇧 Teutons · United Kingdom
840
+16
🇮🇹 Britons · Italy
748
+20
🇬🇧 Poles · United Kingdom
918
-19
🇦🇷 Lithuanians · Argentina
884
-38
🇨🇳 Byzantines · China
772
-13
🇺🇸 Magyars · United States
769
-29
fred.ferrone
0:37 Loom
11:53 Feudal Age
12:25 Stone Mining
18:30 Castle Age
16:50 Horse Collar
17:33 Double-Bit Axe
24:16 Heavy Plow
25:41 Ironclad
27:04 Scale Mail Armor
28:43 Wheelbarrow
29:51 Forging
29:57 Chain Mail Armor
30:06 Hand Cart
35:45 Imperial Age
33:32 Bow Saw
35:00 Gold Mining
35:46 Stone Shaft Mining
35:45 Scale Barding Armor
35:56 Caravan
36:34 Fortified Wall
36:35 Masonry
37:27 Chemistry
36:48 Bloodlines
36:05 Cavalier
38:06 Two-Man Saw
37:55 Crop Rotation
37:08 Capped Ram
38:47 Chain Barding Armor
38:57 Plate Mail Armor
39:11 Iron Casting
39:10 Elite Teutonic Knight
42:43 Hoardings
43:34 Blast Furnace
43:10 Plate Barding Armor
43:23 Paladin
55:42 Fletching
55:53 Padded Archer Armor
67:19 Crenellations
BrunoMontalcino
9:48 Feudal Age
15:07 Castle Age
13:11 Double-Bit Axe
13:45 Horse Collar
16:47 Bow Saw
18:01 Stone Mining
18:02 Gold Mining
23:26 Wheelbarrow
24:47 Heavy Plow
29:17 Imperial Age
28:42 Fervor
30:16 Hand Cart
29:55 Heavy Scorpion
30:58 Ballistics
31:38 Chemistry
30:50 Masonry
31:08 Fletching
31:41 Town Watch
32:13 Ballistas
32:31 Comitatenses
32:14 Bodkin Arrow
32:47 Padded Archer Armor
33:42 Gold Shaft Mining
35:09 Conscription
34:52 Loom
35:08 Town Patrol
35:16 Siege Engineers
35:42 Architecture
35:08 Murder Holes
35:24 Fortified Wall
35:59 Scale Barding Armor
36:05 Forging
35:55 Scale Mail Armor
37:28 Capped Ram
42:35 Siege Ram
45:36 Man-at-Arms
46:17 Squires
48:39 Pikeman
49:14 Halberdier
50:13 Chain Mail Armor
50:35 Iron Casting
66:19 Blast Furnace
GIULIOCESARE
0:31 Loom
13:26 Feudal Age
14:44 Wheelbarrow
13:53 Horse Collar
14:02 Double-Bit Axe
15:38 Stone Mining
15:39 Gold Mining
17:58 Padded Archer Armor
17:49 Fletching
23:55 Castle Age
25:19 Hand Cart
25:43 Gold Shaft Mining
25:11 Heavy Plow
25:27 Bow Saw
26:09 Leather Archer Armor
28:02 Bodkin Arrow
29:55 Ballistics
36:48 Imperial Age
36:03 Yeomen
37:55 Conscription
38:11 Ring Archer Armor
37:42 Bracer
37:58 Bracer
41:02 Chemistry
41:20 Two-Man Saw
40:40 Elite Longbowman
60:15 Hoardings
roberto.bortolin
0:35 Loom
12:48 Feudal Age
22:03 Castle Age
21:38 Horse Collar
21:46 Double-Bit Axe
28:49 Gold Mining
30:07 Heavy Plow
30:22 Bow Saw
30:52 Wheelbarrow
30:47 Fortified Wall
31:20 Fortified Wall
30:59 Treadmill Crane
31:43 Masonry
34:47 Hand Cart
35:42 Gold Shaft Mining
35:00 Town Watch
38:54 Imperial Age
36:32 Town Patrol
37:15 Gambesons
37:30 Squires
37:16 Arson
38:49 Scale Mail Armor
38:59 Forging
40:23 Ballistics
42:01 Chain Mail Armor
42:22 Iron Casting
42:21 Scale Barding Armor
wagonballs
aoken_1
5:13 Loom
12:47 Feudal Age
13:20 Double-Bit Axe
15:35 Horse Collar
18:21 Castle Age
24:45 Heavy Plow
26:28 Bow Saw
26:53 Gold Mining
27:32 Forging
30:00 Wheelbarrow
32:04 Imperial Age
30:57 Iron Casting
30:28 Scale Barding Armor
30:59 Szlachta Privileges
32:07 Onager
32:19 Cavalier
33:11 Bloodlines
34:03 Blast Furnace
33:05 Scale Mail Armor
33:25 Chain Barding Armor
36:54 Chain Mail Armor
36:30 Fletching
36:40 Padded Archer Armor
37:47 Chemistry
36:59 Fortified Wall
55:30 Capped Ram
56:35 Siege Ram
34542180
8:32 Loom
10:28 Feudal Age
8:44 Loom
12:52 Double-Bit Axe
13:23 Horse Collar
19:15 Castle Age
21:23 Bow Saw
23:15 Wheelbarrow
25:39 Hand Cart
27:35 Heavy Plow
27:28 Stone Mining
27:29 Gold Mining
27:45 Pikeman
28:26 Squires
28:12 Gambesons
32:11 Imperial Age
31:39 Caravan
32:02 Forging
31:59 Scale Barding Armor
31:55 Scale Mail Armor
34:01 Two-Man Saw
33:40 Crop Rotation
33:46 Conscription
34:41 Iron Casting
35:05 Gold Shaft Mining
35:46 Logistica
36:20 Halberdier
36:47 Arson
37:51 Stone Shaft Mining
38:18 Elite Cataphract
40:25 Chain Barding Armor
40:20 Chain Mail Armor
42:26 Plate Barding Armor
44:11 Plate Mail Armor
46:09 Light Cavalry
46:53 Husbandry
46:16 Cavalier
48:27 Treadmill Crane
49:14 Murder Holes
49:31 Fortified Wall
60:18 Elite Skirmisher
61:04 Thumb Ring
61:43 Padded Archer Armor
61:34 Fletching
62:39 Light Cavalry
65:40 Hussar
[ElGordo]
9:18 Loom
12:13 Feudal Age
13:15 Double-Bit Axe
13:57 Horse Collar
16:53 Gold Mining
21:13 Castle Age
20:28 Scale Barding Armor
20:26 Scale Mail Armor
20:36 Forging
22:47 Bow Saw
24:31 Wheelbarrow
24:21 Stone Mining
27:03 Stone Shaft Mining
28:49 Heavy Plow
30:23 Hand Cart
31:13 Chain Mail Armor
35:18 Imperial Age
33:40 Iron Casting
33:59 Caravan
34:30 Coinage
35:20 Chain Barding Armor
35:00 Padded Archer Armor
34:51 Fletching
36:31 Crop Rotation
35:56 Capped Ram
36:38 Capped Ram
36:41 Onager
37:24 Elite Leitis
41:31 Guard Tower
41:40 Murder Holes
46:48 Man-at-Arms
46:49 Pikeman
47:29 Squires
47:30 Long Swordsman
48:38 Two-Handed Swordsman
48:44 Two-Handed Swordsman
49:42 Champion
Connection lost

Rejoining the realm…

Still unreachable

The connection could not be restored.

Session expired

The server has moved on; the page needs a fresh start.